 Dungeon Crawl Stone Soup version 0.23.2-1-ga50397a (webtiles) character file.

Game seed: 2969715974495260032

4657 Borgoz the Fighter (level 10, -5/91 HPs)
             Began as a Hill Orc Gladiator on May 16, 2019.
             Was an Initiate of Ashenzari.
             Slain by a gnoll
             ... wielding a +0 flail
              (10 damage)
             ... on level 8 of the Dungeon.
             The game lasted 00:15:13 (7671 turns).

Borgoz the Fighter (Hill Orc Gladiator)             Turns: 7671, Time: 00:15:14

Health: -5/91      AC:  7    Str: 27    XL:     10   Next: 43%
Magic:  10/10      EV: 14    Int:  8    God:    Ashenzari [......]
Gold:   494        SH:  0    Dex: 15    Spells: 9/9 levels left

rFire    . . .     SeeInvis +   a - +5 flail
rCold    . . .     Gourm    .   (no shield)
rNeg     . . .     Faith    .   t - +3 scale mail
rPois    .         Spirit   .   u - +1 helmet {SInv}
rElec    .         Reflect  .   A - +0 cloak
rCorr    .         Harm     .   (no gloves)
MR       .....                  (no boots)
Stlth    ..........             I - amulet of regeneration
HPRegen  0.25/turn              l - +4 ring of strength
MPRegen  0.12/turn              J - -5 ring of protection (curse)

@: mighty, lethally poisoned (-5 -> -6), very slightly contaminated
A: no striking features
a: Curse Item, Renounce Religion


You were on level 8 of the Dungeon.
You worshipped Ashenzari.
Ashenzari was noncommittal.
You were near starving.

You visited 2 branches of the dungeon, and saw 9 of its levels.
You also visited: Ossuary.

You collected 494 gold pieces.

Inventory:

Hand Weapons
 a - a +5 flail (weapon)
 b - a +1 mace of holy wrath
Missiles
 d - 4 throwing nets (quivered)
Armour
 t - a +3 scale mail (worn)
 u - a +1 helmet of see invisible (worn)
 y - the +0 scale mail of Leaves {+Blink rElec Str-4 Int+3}
   (You found it on level 4 of the Dungeon)

   It affects your strength (-4).
   It affects your intelligence (+3).
   It insulates you from electricity.
   It lets you blink.
 A - a +0 cloak (worn)
Jewellery
 e - a +5 amulet of reflection
 l - a +4 ring of strength (left hand)
 v - an uncursed ring of protection from fire
 E - an uncursed ring of protection from cold
 I - an amulet of regeneration (around neck)
 J - a cursed -5 ring of protection (right hand)
Wands
 c - a wand of paralysis (19)
 r - a wand of flame (16)
Scrolls
 i - 5 scrolls of remove curse
 j - 7 scrolls of teleportation
 s - 4 scrolls of magic mapping
 x - a scroll of amnesia
 F - a scroll of blinking
 G - a scroll of enchant weapon
Potions
 h - a potion of resistance
 k - 3 potions of mutation
 m - 3 potions of haste
 n - a potion of brilliance
 o - 2 potions of lignification {unknown}
 p - 3 potions of degeneration
 w - a potion of agility {unknown}
 z - 2 potions of might
 D - a potion of flight
 H - a potion of cancellation {unknown}
Comestibles
 f - 15 rations


   Skills:
 + Level 9.3 Fighting
 + Level 8.9 Maces & Flails
 + Level 7.1 Throwing
 + Level 6.7 Dodging


You had 9 spell levels left.
You didn't know any spells.
Your spell library contained the following spells:

 Spells                   Type           Power        Failure   Level  Hunger
 Sublimation of Blood     Necr           #.........   83%         2    ###....
 Ignite Poison            Fire/Tmut/Pois #.......     97%         3    ####...
 Petrify                  Tmut/Erth      #.......     100%        4    #####..
 Alistair's Intoxication  Tmut/Pois      #.......     100%        5    ######.
 Irradiate                Conj/Tmut      #.........   100%        5    ######.


Dungeon Overview and Level Annotations

Branches:
Dungeon (8/15)             Temple (1/1) D:7
   Lair: D:8-11

Altars:
Ashenzari
Cheibriados
Dithmenos
Elyvilon
Fedhas
Gozag
Hepliaklqana
Kikubaaqudgha
Makhleb
Nemelex Xobeh
Okawaru
Ru
Sif Muna
Trog
Uskayaw
Wu Jian
Yredelemnul
Zin
The Shining One

Shops:
D:5 :   D:7 *


Message History

You destroy the howler monkey zombie!
You bludgeon the iguana!!
You kill the iguana!
You feel sick.
The leopard gecko bites you but does no damage.
The gnoll hits you but does no damage.
Items here: )) = †††† You bludgeon the leopard gecko!!
You kill the leopard gecko!
The gnoll hits you but does no damage. The gnoll hits you with a +0 spear.
* * * LOW HITPOINT WARNING * * *
The gnoll hits you with a +0 flail!
* * * LOW HITPOINT WARNING * * *
Things that are here:
a +0 leather armour; a leopard gecko corpse You sock the gnoll!
You kill the gnoll!
The gnoll hits you with a +0 flail!
You die...

. ##. #. .. .###.#
....# #...# #)#..
.. #.#o### #.#
#)#...#
##..###@#.#.#
#.#.##.)g...#
..#.##......#
#.#.#..._..##
#.#........#
#.#........#
#.#...........
#.###..#......####
#.........###.#


You could see a gnoll.

Vanquished Creatures
  Sigmund (D:6)
  A hungry ghost (D:8)
  Edmund (D:6)
  Duvessa (D:6)
  A water moccasin (D:6)
  An orc warrior (D:6)
  A sky beast (D:6)
  An ice beast (D:6)
  4 ogres
  3 phantoms
  5 centaurs
  3 bullfrogs
  A gnoll sergeant (D:7)
  Dowan (D:6)
  14 scorpions
  5 killer bees (D:7)
  6 wights (D:7)
  2 crimson imps
  A bullfrog zombie (D:6)
  A centaur zombie (Ossuary)
  A jelly (D:8)
  3 orc priests (D:4)
  A centaur skeleton (D:8)
  5 hounds
  2 human zombies (Ossuary)
  Ijyb (D:3)
  2 iguanas
  8 orc wizards
  6 worker ants
  Terence (D:3)
  A big kobold zombie (Ossuary)
  3 mummies (Ossuary)
  A howler monkey zombie (D:8)
  Robin (D:3)
  6 gnolls
  9 adders
  3 scorpion zombies (Ossuary)
  A shadow imp (D:5)
  An adder zombie (D:8)
  3 worms
  2 dart slugs (D:1)
  8 leopard geckos
  32 orcs
  4 giant cockroaches
  6 gnoll zombies (Ossuary)
  16 goblins
  11 hobgoblins
  7 jackals
  3 quokkas
  7 bats
  3 frilled lizards
  3 goblin zombies (Ossuary)
  2 hobgoblin zombies (Ossuary)
  7 kobolds
  3 kobold zombies (Ossuary)
  A leopard gecko zombie (D:8)
  6 rats
234 creatures vanquished.

Vanquished Creatures (others)
  A scorpion (Ossuary)
  A goblin zombie (Ossuary)
2 creatures vanquished.

Grand Total: 236 creatures vanquished

Notes
Turn   | Place    | Note
-------+----------+-------------------------------------------
     0 | D:1      | Borgoz the Hill Orc Gladiator began the quest for the Orb.
     0 | D:1      | Reached XP level 1. HP: 18/18 MP: 1/1
   107 | D:1      | Reached XP level 2. HP: 25/25 MP: 2/2
   451 | D:1      | Reached XP level 3. HP: 25/30 MP: 3/3
   475 | D:1      | Reached skill level 3 in Fighting
  1685 | D:3      | Reached XP level 4. HP: 33/38 MP: 4/4
  1690 | D:3      | Noticed Ijyb
  1705 | D:3      | Killed Ijyb
  1895 | D:3      | Noticed Terence
  1910 | D:3      | Killed Terence
  1910 | D:3      | Reached XP level 5. HP: 44/46 MP: 5/5
  1977 | D:3      | Noticed Robin
  1985 | D:3      | Killed Robin
  2005 | D:3      | Reached skill level 4 in Fighting
  2811 | D:4      | Reached XP level 6. HP: 48/52 MP: 6/6
  3264 | D:4      | Found an iron altar of Okawaru.
  3386 | D:4      | Got a warped scale mail
  3397 | D:4      | Identified the +0 scale mail of Leaves {+Blink rElec Str-4
                  | Int+3} (You found it on level 4 of the Dungeon)
  3422 | D:4      | Found a sacrificial altar of Ru.
  3505 | D:4      | Reached skill level 5 in Maces & Flails
  3628 | D:5      | Entered Level 5 of the Dungeon
  3641 | D:5      | Reached XP level 7. HP: 60/60 MP: 7/7
  3657 | D:5      | Reached skill level 5 in Fighting
  3781 | D:5      | Found a sand-covered staircase.
  3787 | Ossuary  | Entered an ossuary
  4001 | Ossuary  | Reached XP level 8. HP: 66/70 MP: 8/8
  4033 | Ossuary  | Reached skill level 6 in Fighting
  4597 | D:5      | Reached skill level 5 in Throwing
  4597 | D:5      | Reached skill level 5 in Dodging
  4884 | D:5      | Found Vetigoe's Book Shop.
  5292 | D:6      | Noticed Duvessa
  5292 | D:6      | Noticed Dowan
  5302 | D:6      | Killed Duvessa
  5302 | D:6      | Reached skill level 7 in Fighting
  5302 | D:6      | Reached XP level 9. HP: 64/79 MP: 9/9
  5309 | D:6      | Killed Dowan
  5371 | D:6      | Noticed Sigmund
  5378 | D:6      | Killed Sigmund
  5796 | D:6      | Noticed Edmund
  5807 | D:6      | Killed Edmund
  5807 | D:6      | Reached skill level 8 in Fighting
  6199 | D:6      | Found a bloodstained altar of Trog.
  6486 | D:7      | Reached XP level 10. HP: 17/90 MP: 10/10
  6875 | D:7      | Found a shattered altar of Ashenzari.
  6933 | D:7      | Became a worshipper of Ashenzari the Shackled
  7128 | D:7      | Found Vopnutu's Assorted Antiques.
  7157 | D:7      | Reached skill level 9 in Fighting
  7292 | D:7      | Found a staircase to the Ecumenical Temple.
  7319 | Temple   | Entered the Ecumenical Temple
  7562 | D:8      | Found an opulent altar of Gozag.
  7671 | D:8      | Slain by a gnoll

Skill      XL: |  1  2  3  4  5  6  7  8  9 10 |
---------------+-------------------------------+-----
Throwing       | 2 3 4 5 6 7 |  7.1
Fighting       | 3 4 5 7 8 9 |  9.3
Maces & Flails | 4 5 6 8 |  8.9
Dodging        | 3 4 5 6 |  6.7

Action                   |  1- 3 |  4- 6 |  7- 9 | 10-12 || total
-------------------------+-------+-------+-------+-------++-------
Melee: Flail             |   112 |   177 |   331 |   144 ||   764
       Mace              |     3 |       |       |       ||     3
Throw: Throwing net      |       |     3 |       |       ||     3
Evoke: Wand              |       |    13 |     2 |       ||    15
  Use: Scroll            |     3 |     3 |    10 |     2 ||    18
       Potion            |     1 |     2 |     3 |     7 ||    13
 Stab: Held in net/web   |       |     1 |       |       ||     1
       Paralysed         |       |       |     2 |       ||     2
       Invisible         |       |       |       |    10 ||    10
  Eat: Chunk             |     3 |     6 |     6 |     3 ||    18
       Ration            |       |       |     1 |       ||     1
Armor: Leather armour    |    26 |       |       |       ||    26
       Ring mail         |     4 |     3 |       |       ||     7
       Scale mail        |       |    62 |   108 |    47 ||   217
Dodge: Dodged            |    76 |   101 |   196 |   176 ||   549
Block: Other             |    24 |    31 |    85 |    53 ||   193
       Reflection        |     3 |     3 |     5 |       ||    11
